Map: Odyssey LE

Players

TRUE - Winner!

  • Race: Zerg Zerg
  • Spawn Location: 5:00

DnS

  • Race: Protoss Protoss
  • Spawn Location: 11:00

Event: WCS Montreal 2017

VOD

Have the link to the VOD?

Description

Time

  • Played on: Sept. 9, 2017, 11:55 a.m.
  • Length: 12:36

All games in this series

Show
View Real Time Build Order
Export as new Build Order

TRUE Zerg - Winner!

Build Orders: Hatch First 

Get SALT Encoding   

  12  0:00  Drone  
  13  0:12  Overlord  
  13  0:16  Drone  
  14  0:30  Drone x2  
  14  0:34  Drone  
  17  0:51  Hatchery  
  17  0:54  Drone  
  17  1:07  Spawning Pool  
  17  1:09  Extractor  
  15  1:13  Drone  
  15  1:15  Drone  
  17  1:19  Drone  
  18  1:28  Drone  
  19  1:38  Overlord  
  19  1:49  Drone  
  19  1:53  Queen  
  22  2:01  Zergling x2  
  23  2:02  Queen  
  23  2:03  Drone  
  26  2:08  Metabolic Boost  
  26  2:11  Drone  
  26  2:15  Drone  
  28  2:21  Drone  
  29  2:24  Drone  
  30  2:37  Hatchery  
  30  2:43  Queen  
  31  2:49  Drone x2  
  33  2:52  Overlord  
  33  2:55  Drone  
  33  2:57  Drone  
  35  2:59  Drone  
  36  3:11  Drone x3  
  36  3:12  Drone  
  40  3:15  Drone x2  
  40  3:19  Evolution Chamber  
  41  3:22  Overlord  
  41  3:26  Zergling x4  
  44  3:27  Zergling x2  
  44  3:40  Queen, Overlord  
  46  3:45  Zergling x6  
  49  3:51  Queen  
  49  3:55  Zergling x8  
  53  3:56  Zergling x2  
  53  3:58  Zerg Melee Weapons Level 1  
  53  3:59  Zergling x2  
  53  4:01  Zergling x2  
  58  4:07  Zergling x6  
  61  4:10  Zergling x4  
  61  4:12  Overlord  
  63  4:26  Drone  
  63  4:27  Drone x2  
  65  4:31  Overlord  
  65  4:32  Queen  
  65  4:33  Drone x3  
  65  4:34  Drone  
  65  4:35  Drone x2  
  72  4:41  Drone  
  72  4:42  Drone  
  73  4:47  Overlord  
  73  4:48  Drone  
  73  4:50  Drone  
  73  4:52  Drone  
  74  4:55  Drone  
  74  4:57  Drone  
  74  4:59  Drone x3  
  77  5:01  Drone  
  77  5:03  Drone x3  
  80  5:07  Drone  
  80  5:10  Lair  
  80  5:11  Overlord  
  80  5:13  Extractor  
  80  5:14  Extractor  
  80  5:15  Overlord  
  80  5:17  Overlord  
  79  5:22  Drone x2  
  78  5:29  Roach Warren  
  78  5:32  Extractor  
  78  5:34  Drone x3  
  79  5:40  Queen  
  79  5:41  Queen  
  83  5:43  Zergling x18  
  83  5:47  Overlord  
  92  5:50  Overlord  
  92  5:52  Zerg Missile Weapons Level 1  
  92  5:56  Overlord  
  91  6:01  Drone x3  
  91  6:03  Extractor, Drone  
  94  6:04  Drone  
  94  6:05  Drone  
  94  6:08  Glial Reconstitution  
  94  6:09  Overlord, Hatchery  
  94  6:25  Roach x7  
  108  6:26  Roach  
  108  6:28  Roach  
  108  6:32  Roach x2  
  115  6:33  Roach  
  115  6:36  Roach  
  115  6:37  Roach x3  
  115  6:38  Roach  
  115  6:39  Roach  
  129  6:43  Overlord  
  129  6:44  Overlord  
  129  6:46  Overlord  
  129  6:50  Overlord  
  129  6:54  Overlord  
  128  6:55  Roach  
  128  6:59  Overseer  
  128  7:00  Roach  
  133  7:01  Roach x2  
  133  7:04  Roach  
  133  7:05  Roach x3  
  133  7:06  Roach  
  133  7:07  Roach  
  145  7:09  Roach  
  145  7:12  Roach  
  145  7:13  Roach  
  145  7:15  Roach x2  
  154  7:17  Roach  
  154  7:21  Roach  
  153  7:33  Roach x3  
  147  7:38  Roach x3  
  147  7:39  Roach x2  
  147  7:40  Roach x2  
  147  7:41  Roach  
  147  7:42  Roach  
  147  7:43  Roach  
  159  7:48  Zergling x8  
  159  7:50  Zerg Missile Weapons Level 2  
  163  7:53  Zergling x2  
  163  7:54  Zergling x2  
  163  7:57  Zergling x2  
  165  7:59  Zergling x2  
  165  8:02  Zergling x2  
  165  8:03  Zergling x4  
  165  8:04  Roach x2  
  165  8:05  Roach  
  172  8:06  Roach  
  172  8:08  Roach  
  161  8:30  Roach  
  161  8:31  Roach  
  161  8:32  Roach x11  
  161  8:33  Zergling x2  
  168  8:36  Zergling x2  
  168  8:37  Zergling x8  
  157  8:48  Roach x4  
  157  8:49  Roach  
  157  8:51  Roach  
  157  8:52  Roach x2  
  157  8:54  Roach x2  
  163  9:00  Burrow, Zergling x6  
  163  9:01  Zergling x2  
  167  9:03  Zergling x4  
  167  9:04  Roach  
  165  9:10  Roach x3  
  165  9:11  Roach  
  161  9:17  Roach  
  161  9:18  Roach  
  161  9:19  Roach  
  161  9:22  Roach  
  161  9:23  Hydralisk Den  
  145  9:33  Zergling x2  
  140  9:39  Zergling x4  
  140  9:41  Zergling x10  
  140  9:42  Zergling x6  
  140  9:43  Zergling x2  
  140  9:45  Zergling x6  
  137  9:49  Zergling x2  
  118  10:00  Muscular Augments, Hydralisk x11  
  118  10:06  Zergling x4  
  141  10:11  Roach x3  
  141  10:13  Zergling x4  
  141  10:14  Zergling x6  
  140  10:15  Zergling x2  
  140  10:17  Hydralisk  
  140  10:19  Hydralisk  
  137  10:23  Hydralisk x3  
  137  10:24  Hydralisk x2  
  137  10:27  Hydralisk  
  148  10:31  Hydralisk  
  148  10:35  Roach x3  
  150  10:37  Zergling x4  
  150  10:38  Zergling x6  
  150  10:39  Zergling x2  
  150  10:41  Zergling x4  
  150  10:42  Zergling x2  
  159  10:46  Hydralisk  
  159  10:48  Overlord  
  161  10:50  Hydralisk  
  161  10:54  Zergling x4  
  165  10:58  Zergling x2  
  165  10:59  Zergling x4  
  165  11:00  Overlord  
  165  11:01  Overseer  
  168  11:06  Zergling x2  
  162  11:16  Roach  
  162  11:17  Roach x10  
  175  11:19  Roach x2  
  175  11:21  Roach x2  
  182  11:34  Overlord  
  182  11:35  Overlord  
  182  11:36  Roach  
  184  11:50  Hatchery  
  184  11:52  Overlord  
  184  11:53  Roach x3  
  184  11:54  Roach x5  
  197  11:55  Zergling x2  
Show
View Real Time Build Order
Export as new Build Order

DnS Protoss 

Build Orders: 1 Gate Expand, Oracle Opening, Archon Immortal 

Get SALT Encoding   

  12  0:00  Probe (Chrono Boost)  
  13  0:11  Probe (Chrono Boost)  
  14  0:18  Pylon  
  14  0:22  Probe (Chrono Boost)  
  15  0:36  Probe (Chrono Boost)  
  15  0:39  Gateway  
  16  0:47  Probe (Chrono Boost)  
  16  0:48  Assimilator  
  17  0:57  Probe (Chrono Boost)  
  18  1:08  Probe (Chrono Boost)  
  19  1:20  Nexus  
  19  1:22  Probe (Chrono Boost)  
  20  1:33  Cybernetics Core  
  20  1:36  Probe (Chrono Boost)  
  21  1:43  Assimilator  
  22  1:47  Probe (Chrono Boost)  
  22  1:50  Pylon  
  22  1:57  Probe (Chrono Boost)  
  23  2:08  Probe  
  24  2:10  Adept (Chrono Boost)  
  26  2:20  Probe  
  27  2:23  Stargate  
  27  2:30  Probe  
  27  2:32  Probe  
  27  2:33  Warp Gate  
  27  2:36  Adept (Chrono Boost)  
  31  2:41  Probe  
  32  2:44  Probe  
  33  2:52  Probe (Chrono Boost)  
  33  2:56  Probe (Chrono Boost)  
  35  3:01  Zealot (Chrono Boost), Pylon  
  35  3:04  Probe (Chrono Boost)  
  38  3:06  Probe (Chrono Boost)  
  38  3:07  Oracle (Chrono Boost)  
  42  3:15  Probe  
  42  3:17  Probe  
  44  3:27  Probe x2  
  46  3:34  Nexus  
  46  3:38  Probe  
  46  3:39  Probe, Pylon  
  48  3:43  Oracle (Chrono Boost)  
  51  3:49  Probe  
  51  3:51  Probe (Chrono Boost)  
  51  3:55  Gateway  
  53  4:01  Gateway  
  53  4:04  Mothership Core (Chrono Boost)  
  53  4:06  Probe (Chrono Boost)  
  56  4:13  Assimilator  
  56  4:14  Assimilator, Phoenix  
  57  4:18  Probe (Chrono Boost)  
  57  4:22  Probe (Chrono Boost)  
  60  4:29  Pylon  
  60  4:30  Probe (Chrono Boost)  
  61  4:33  Probe (Chrono Boost)  
  62  4:41  Pylon  
  62  4:44  Pylon  
  62  4:46  Probe (Chrono Boost)  
  62  4:48  Probe (Chrono Boost)  
  62  4:49  Probe (Chrono Boost)  
  65  4:53  Adept x2  
  65  4:55  Adept  
  65  4:56  Pylon  
  70  5:00  Probe (Chrono Boost)  
  70  5:01  Probe (Chrono Boost)  
  70  5:03  Twilight Council  
  70  5:05  Forge  
  71  5:13  Probe x2 (Chrono Boost)  
  73  5:15  Robotics Facility  
  73  5:27  Probe (Chrono Boost)  
  73  5:28  Probe (Chrono Boost), Protoss Ground Weapons Level 1  
  76  5:29  Probe (Chrono Boost)  
  76  5:33  Charge (Chrono Boost)  
  76  5:37  Cybernetics Core  
  76  5:40  Zealot x3  
  76  5:42  Probe (Chrono Boost)  
  83  5:44  Probe x2  
  85  5:54  Probe  
  88  6:01  Gateway  
  88  6:02  Gateway  
  86  6:04  Gateway  
  86  6:05  Gateway x2  
  86  6:09  Warp Prism (Chrono Boost)  
  88  6:14  Probe  
  88  6:15  Probe  
  89  6:21  Probe  
  89  6:25  Zealot x3  
  94  6:26  Probe, Pylon  
  94  6:32  Pylon  
  97  6:33  Pylon  
  97  6:36  Pylon  
  97  6:37  Probe x2  
  97  6:38  Assimilator, Pylon x2  
  99  6:46  Zealot x3  
  105  6:47  Probe  
  105  6:51  Assimilator  
  104  6:58  Probe  
  104  6:59  Probe  
  104  7:00  Pylon  
  104  7:14  Zealot x8  
  120  7:20  Immortal (Chrono Boost)  
  117  7:30  Templar Archives  
  117  7:36  Sentry x3  
  117  7:37  Zealot x4  
  94  7:45  Zealot  
  94  7:49  Protoss Ground Weapons Level 2, Void Ray (Chrono Boost), Immortal (Chrono Boost)  
  102  8:08  High Templar x4  
  102  8:09  High Templar x3  
  114  8:14  Archon x3  
  114  8:18  High Templar  
  110  8:23  Immortal  
  110  8:24  Archon  
  106  8:41  Zealot x6  
  100  8:43  Zealot  
  104  8:50  Cybernetics Core  
  104  8:53  Photon Cannon  
  98  8:57  Immortal  
  98  8:58  Zealot  
  96  9:03  Zealot x6  
  95  9:23  Zealot x5  
  89  9:27  Zealot x3, Pylon  
  92  9:32  Immortal  
  92  9:35  Probe  
  92  9:37  Probe  
  84  9:48  Zealot x5  
  80  10:01  High Templar x2  
  80  10:02  Zealot  
  80  10:06  Archon  
  79  10:11  Probe  
  76  10:19  High Templar x4, Zealot  
  86  10:23  Archon  
  86  10:24  Probe, Archon  
  86  10:26  Probe x2  
  89  10:32  Gateway  
  89  10:42  Gateway  
  89  10:43  Zealot  
  91  10:55  High Templar x2  
  91  10:56  Zealot x2  
  97  11:00  Archon  
  97  11:05  Zealot x3  
  97  11:15  Probe  
  97  11:16  Probe  
  97  11:17  Probe  
  90  11:21  High Templar  
  90  11:22  High Templar  
  94  11:27  Archon  
  94  11:28  Probe, Zealot x3  
  99  11:34  Probe  
  99  11:36  Probe  
  101  11:40  Probe, Immortal  
  101  11:45  Probe  
  107  11:48  Probe  
  108  11:55  High Templar  
  108  11:56  High Templar, Zealot  
  108  11:58  Probe  
  108  11:59  Probe  
  116  12:12  Zealot  
  118  12:16  Archon  
  118  12:18  Zealot x2  
  118  12:19  Zealot x2  
  116  12:29  Zealot x3  
Tags
 
Add a new tag
Caveats
  • Supply blocks, unpowered buildings, or Contaminate may cause inaccurate times.
  • Supply counts are checked every 10 seconds.